 Dungeon Crawl Stone Soup version 0.28-a0-991-g956f0ee3d5 (webtiles) character file.

Game seed: 12451142122972304970

14 tilp the Chiller (level 2, -1/11 HPs)
             Began as a Felid Ice Elementalist on Dec 4, 2021.
             Slain by a gnoll (12 damage)
             ... on level 1 of the Dungeon.
             The game lasted 00:00:53 (1189 turns).

tilp the Chiller (Felid Ice Elementalist)           Turns: 1189, Time: 00:00:53

Health: -1/11      AC:  1    Str:  4    XL:     2   Next: 31%
Magic:  4/6        EV: 17    Int: 16    God:
Gold:   36         SH:  0    Dex: 16    Spells: 4/5 levels left
                                        Lives:  0   Deaths: 0

rFire   . . .      SeeInvis +     - Unarmed
rCold   . . .      Faith    .   (shield unavailable)
rNeg    . . .      Spirit   .   (armour unavailable)
rPois   .          Reflect  .   (helmet unavailable)
rElec   .          Harm     .   (cloak unavailable)
rCorr   .          Rampage  .   (gloves unavailable)
Will    .....                   (boots unavailable)
Stlth   ++........              (no amulet)
HPRegen 0.03/turn               (no ring)
MPRegen 0.10/turn               (no ring)

@: quick
A: very small, claws 1, fangs 3, see invisible, speed 1, shaggy fur 1, stealthy
paws, no weapons or thrown items, no armour, multi-lived
a: no special abilities


You were on level 1 of the Dungeon.
You visited 1 branch of the dungeon, and saw 2 of its levels.

You collected 36 gold pieces.

Inventory:

Jewellery
 e - an amulet of guardian spirit
Potions
 a - a potion of haste


   Skills:
 - Level 2.6 Dodging
 - Level 2.6 Stealth
 - Level 2.0 Unarmed Combat
 + Level 2.0 Spellcasting
 * Level 3.6 Ice Magic


You had 4 spell levels left.
You knew the following spells:

 Your Spells              Type           Power      Damage    Failure   Level
a - Freeze                Ice            52%        1d7       4%          1

Your spell library contained the following spells:

 Spells                   Type           Power      Damage    Failure   Level
 Frozen Ramparts          Ice            26%        1d4       14%         3
 Ozocubu's Armour         Ice            13%        N/A       14%         3
 Hailstorm                Conj/Ice       7%         3d4       69%         4


Dungeon Overview and Level Annotations

Branches:
Dungeon (2/15)

Altars:


Innate Abilities, Weirdness & Mutations

You have sharp claws.
You have razor-sharp teeth.
You have supernaturally acute eyesight. (SInv)
You cover ground quickly. (Speed+)
You are covered in fur. (AC +1)
Your paws help you pounce on unaware monsters.
You are incapable of wielding weapons or throwing items.
You cannot wear armour.
You gain extra lives every three experience levels.


Message History

As you read the scroll of identify, it crumbles to dust.
b - a potion of degeneration Unknown command.
Drop what? 3/52 slots (_ for help) (? for menu, Esc to quit)
You drop a potion of degeneration.
Your surroundings suddenly seem different.
You start waiting.
Done waiting.
(D) Dungeon
Where to? (Enter - D:1 @ (x,y), ? - help)
There is a stone staircase leading down here.
You climb downwards.
There is a stone staircase leading up here. 2 gnolls come into view.
A gnoll is wielding a +2 vorpal flail.
There are monsters nearby!
A rat and a gnoll come into view.
Found a silvery potion.
There is a stone staircase leading up here.
Casting: Freeze (safe; 4% risk of failure)
Confirm with . or Enter, or press ? or * to list all spells.
Aiming: Freeze (safe; 4% risk of failure)
Press: ? - help, Shift-Dir - straight line, f - gnoll
Aim: a gnoll, wielding a +2 vorpal flail You freeze the gnoll.
The gnoll is moderately wounded.
The gnoll barely misses you.
Unknown command.
The gnoll barely misses you.
You climb upwards.
There is a stone staircase leading down here.
Casting: Freeze (safe; 4% risk of failure)
Confirm with . or Enter, or press ? or * to list all spells.
Aiming: Freeze (safe; 4% risk of failure)
Press: ? - help, Shift-Dir - straight line, f - gnoll
Aim: a gnoll, wielding a +2 vorpal flail (moderately wounded)
You freeze the gnoll!
The gnoll is severely wounded.
The gnoll hits you with a +2 vorpal flail!
Ouch! That really hurt!
You die...

##.#..#############
...#..............#
####.############.#####
##'## #..).....#
##...## #.##.###.#
##.....## #.##.# #.#
#.......## ##....# #.#
.........####.....# #.#
.........'......@.# #.#
.........####...g####.#
#.......## ###........#
##.....## #........###
##...## #.###.#..#
##+## #.###.#..## ##
#.# #.##..###.# .# #.#
#.##.##..## .###^##
#.##.#.###


You could see a gnoll.

Vanquished Creatures
  2 endoplasms (D:1)
  A goblin (D:1)
  A hobgoblin (D:1)
  4 ball pythons (D:1)
  4 bats (D:1)
  2 frilled lizards (D:1)
  A rat (D:1)
15 creatures vanquished.

Notes
Turn   | Place    | Note
-------+----------+-------------------------------------------
     0 | D:1      | tilp the Felid Ice Elementalist began the quest for the
                  | Orb.
     0 | D:1      | Reached XP level 1. HP: 7/7 MP: 4/4
   165 | D:1      | Reached skill level 1 in Unarmed Combat
   326 | D:1      | Reached XP level 2. HP: 8/11 MP: 3/6
  1189 | D:1      | Slain by a gnoll

Illustrated notes

Levels and vault maps discovered:
D:1:      dpeg_arrival_leaves_temple_mockup, layout_loops_corners,
          chequers_serial_rivers_micro_d,
          nicolae_concentric_dashed_squares_wild, grunt_decor_resistance
D:2:      layout_loops_ring, minmay_snake_closets

Skill      XL: |  1  2 |
---------------+-------+-----
Unarmed Combat | 1 2 |  2.0
Dodging        | |  2.6
Stealth        | |  2.6
Spellcasting   | |  2.0
Ice Magic      | |  3.6

Action                   || total
-------------------------++-------
Melee: Unarmed           ||    11
 Cast: Freeze            ||    14
  Use: Scroll            ||     3
 Stab: Sleeping          ||     7
Dodge: Dodged            ||    15

Table legend: (Time is in decaauts)
 A = Elapsed time spent in this place.
 B = Non-inter-level travel time spent in this place.
 C = Inter-level travel time spent in this place.
 D = Time resting spent in this place.
 E = Time spent auto-exploring this place.
 F = Levels seen in this place.
 G = Mean time per level.
                   A        B        C        D        E       F      G
               +--------+--------+--------+--------+--------+-----+--------+
         Total |   1036 |   1015 |     21 |    100 |    825 |   2 |  518.0 |
       Dungeon |   1036 |   1015 |     21 |    100 |    825 |   2 |  518.0 |
               +--------+--------+--------+--------+--------+-----+--------+

Top non-repeatable levels by time:
     D:1: 1030 daAuts
     D:2: 6 daAuts
